 Dungeon Crawl Stone Soup version 0.28.0-53-g5a82cb258f (webtiles) character file.

Game seed: 3600382803685614619

5933 raph the Basher (level 10, -2/84 HPs)
             Began as a Minotaur Fighter on June 24, 2022.
             Was a Priest of Okawaru.
             Hit by a javelin thrown by Urug (10 damage)
             ... on level 10 of the Dungeon.
             The game lasted 00:16:32 (12289 turns).

raph the Basher (Minotaur Fighter)                 Turns: 12289, Time: 00:16:32

Health: -2/84      AC: 16    Str: 21    XL:     10   Next: 54%
Magic:  11/12      EV:  9    Int:  5    God:    Okawaru [***...]
Gold:   319        SH: 14    Dex: 14    Spells: 9/9 levels left

rFire   . . .      SeeInvis .   a - +1 flail (drain)
rCold   + . .      Faith    .   n - +2 kite shield
rNeg    . . .      Spirit   .   s - +1 plate armour {rC+}
rPois   .          Reflect  .   (helmet restricted)
rElec   .          Harm     .   (no cloak)
rCorr   .          Rampage  .   (no gloves)
Will    .....                   (no boots)
Stlth   ..........              (no amulet)
HPRegen 0.24/turn               (no ring)
MPRegen 0.13/turn               (no ring)

@: heroic
A: horns 2, retaliatory headbutt
a: Renounce Religion, Heroism


You were on level 10 of the Dungeon.
You worshipped Okawaru.
Okawaru was most pleased with you.
You visited 2 branches of the dungeon, and saw 11 of its levels.

You collected 621 gold pieces.
You spent 302 gold pieces at shops.

Inventory:

Hand Weapons
 a - a +1 flail of draining (weapon)
Missiles
 h - 2 silver javelins
 j - 8 boomerangs (quivered)
 t - 4 throwing nets
Armour
 b - a +0 scale mail
 c - a +2 buckler
 f - a +0 chain mail
 n - a +2 kite shield (worn)
 s - a +1 plate armour of cold resistance (worn)
Jewellery
 r - a ring of ice
Wands
 d - a wand of polymorph (13)
Scrolls
 l - 2 scrolls of teleportation
 p - 2 scrolls of fear
 v - 2 scrolls of identify
 x - a scroll of blinking
Potions
 e - 3 potions of flight
 g - 3 potions of attraction
 i - 5 potions of curing
 k - 2 potions of resistance
 m - 2 potions of mutation
 o - a potion of heal wounds
 q - 2 potions of might
 u - 2 potions of magic
Miscellaneous
 w - a tin of tremorstones (2/2)


   Skills:
 + Level 6.5(11.5) Fighting
 + Level 13.6(18.6) Maces & Flails
 + Level 6.5(11.5) Armour
 + Level 4.8(9.8) Dodging
 + Level 3.8(8.8) Stealth
 + Level 6.6(11.6) Shields
 + Level 4.3 Invocations


You had 9 spell levels left.
You didn't know any spells.
Your spell library contained the following spells:

 Spells                   Type           Power      Damage    Failure   Level
 Apportation              Tloc           0%         N/A       100%        1
 Magic Dart               Conj           0%         1d3       100%        1
 Shock                    Conj/Air       0%         1d3       100%        1
 Ensorcelled Hibernation  Hex/Ice        0%         N/A       100%        2
 Passwall                 Tmut/Erth      0%         N/A       100%        2
 Scorch                   Fire           0%         2d5       100%        2
 Searing Ray              Conj           0%         2d4       100%        2
 Ozocubu's Armour         Ice            0%         N/A       100%        3
 Portal Projectile        Hex/Tloc       0%         N/A       100%        3
 Swiftness                Air            0%         N/A       100%        3
 Airstrike                Air            0%         N/A       100%        4
 Flame Wave               Conj/Fire      0%         2d4       100%        4
 Fulminant Prism          Conj/Hex       0%         3d6       100%        4
 Leda's Liquefaction      Hex/Erth       0%         N/A       100%        4
 Blade Hands              Tmut           0%         N/A       100%        5
 Borgnjor's Vile Clutch   Necr/Erth      0%         N/A       100%        5
 Excruciating Wounds      Necr           0%         N/A       100%        5
 Iskenderun's Battlesphe  Conj           0%         2d6       100%        5
 Lee's Rapid Deconstruct  Erth           0%         3d5*      100%        5
 Metabolic Englaciation   Hex/Ice        0%         N/A       100%        5
 Iron Shot                Conj/Erth      0%         9d1       100%        6
 Statue Form              Tmut/Erth      0%         N/A       100%        6
 Animate Skeleton         Necr           Unusable   N/A       N/A         1
 Summon Small Mammal      Summ           Unusable   N/A       N/A         1
 Animate Dead             Necr           Unusable   N/A       N/A         4
 Death Channel            Necr           Unusable   N/A       N/A         6
 Simulacrum               Ice/Necr       Unusable   N/A       N/A         6
 Summon Cactus Giant      Summ           Unusable   N/A       N/A         6
 Spellforged Servitor     Conj/Summ      Unusable   N/A       N/A         7

Dungeon Overview and Level Annotations

Branches:
Dungeon (10/15)            Temple (1/1) D:5
   Lair: D:8-11         Orc: D:9-12

Altars:
Ashenzari
Cheibriados
Dithmenos
Elyvilon
Fedhas
Gozag
Hepliaklqana
Kikubaaqudgha
Makhleb
Nemelex Xobeh
Okawaru
Qazlal
Ru
Sif Muna
Trog
Uskayaw
Vehumet
Wu Jian
Xom
Yredelemnul
Zin
The Shining One
Beogh
Lugonu

Shops:
D:5 !?:

Annotations:
D:10 Urug


Innate Abilities, Weirdness & Mutations

You have a pair of horns on your head.
You reflexively headbutt those who attack you in melee.


Message History

Okawaru accepts your kill. Urug hits you with a +5 demon trident!!
You are too injured to fight recklessly!
You gain the combat prowess of a mighty hero.
You block Urug's attack.
You closely miss Urug. You headbutt Urug, but do no damage.
Urug is severely wounded.
You block the kobold's attack. Urug hits you with a +5 demon trident!
* * * LOW HITPOINT WARNING * * *
You closely miss Urug. You headbutt Urug, but do no damage.
Urug is severely wounded.
You block the kobold's attack.
You barely miss Urug.
Urug is severely wounded.
Urug barely misses you. The kobold hits you with a +0 dagger.
* * * LOW HITPOINT WARNING * * *
You sock Urug!
Urug is almost dead.
You block Urug's attack. You block the kobold's attack.
You hit Urug. Your headbutt misses Urug.
Urug is almost dead.
You block Urug's attack. The kobold hits you with a +0 dagger.
* * * LOW HITPOINT WARNING * * *
You hit Urug but do no damage. You drain Urug.
You headbutt Urug, but do no damage.
Urug is almost dead.
Urug hits you with a +5 demon trident!
* * * LOW HITPOINT WARNING * * *
You barely miss Urug.
Urug is almost dead.
You block the kobold's attack.
Urug adjusts her eyepatch.
Urug throws a javelin.
The javelin pierces through you.
* * * LOW HITPOINT WARNING * * *
Things that are here:
a +0 short sword; a +0 short sword; 6 poisoned darts You thump the kobold!
You kill the kobold!
Urug throws a javelin.
The javelin pierces through you!
You die...

.
#.###.#######
.. #.# #.#
#.<## ###.#
#.#
...>.##../#
#.#
#.......###
#.# #.......#
#.# ..>##.#.#
#.# .. ...#)#
#.# ### #@#
#)# #..)o#
#..#.# #.. ..
#.. #.# #..
.. #.# ... #.
#...


You could see Urug (drained).

Vanquished Creatures
  Harold (D:9)
  Pikel (D:7)
  A troll (D:9)
  Grinder (D:4)
  Grum (D:9)
  Eustachio (D:4)
  A water moccasin (D:7)
  6 orc warriors
  A sky beast (D:6)
  2 ice beasts (D:6)
  2 black bears
  5 ogres
  3 wolves (D:9)
  3 centaurs
  2 kobold brigands
  2 gnoll sergeants
  3 bullfrogs
  A scorpion (D:5)
  A wyvern skeleton (D:5)
  6 wights
  2 howler monkeys
  A centaur skeleton (D:6)
  3 centaur zombies
  10 orc priests
  4 jellies
  A bullfrog zombie (D:5)
  A hound (D:4)
  8 orc wizards
  2 iguanas
  A hound zombie (D:5)
  A hound skeleton (D:4)
  2 howler monkey zombies
  2 howler monkey skeletons
  8 gnolls
  7 adders
  A white imp (D:6)
  2 dart slugs
  63 orcs
  4 bats
  19 endoplasms
  4 giant cockroaches
  12 goblins
  3 hobgoblins
  8 jackals
  5 quokkas
  7 ball pythons
  3 frilled lizards
  29 kobolds
  6 rats
263 creatures vanquished.

Vanquished Creatures (others)
  7 fungi (D:3)
  5 plants (D:4)
  7 toadstools (D:3)
19 creatures vanquished.

Grand Total: 282 creatures vanquished

Notes
Turn   | Place    | Note
-------+----------+-------------------------------------------
     0 | D:1      | raph the Minotaur Fighter began the quest for the Orb.
     0 | D:1      | Reached XP level 1. HP: 19/19 MP: 0/0
   142 | D:1      | Reached skill level 3 in Maces & Flails
   159 | D:1      | Reached XP level 2. HP: 18/26 MP: 1/1
   415 | D:1      | Reached skill level 4 in Maces & Flails
   474 | D:1      | Found a faded altar of an unknown god.
   552 | D:1      | Reached XP level 3. HP: 31/31 MP: 2/2
  1263 | D:2      | Reached skill level 5 in Maces & Flails
  1732 | D:3      | Reached XP level 4. HP: 36/39 MP: 3/3
  1915 | D:3      | Reached skill level 6 in Maces & Flails
  1920 | D:3      | Reached XP level 5. HP: 26/45 MP: 4/4
  2596 | D:3      | Reached skill level 7 in Maces & Flails
  2615 | D:3      | HP: 1/45 [acid (4)]
  2748 | D:2      | Reached XP level 6. HP: 18/51 MP: 5/5
  3361 | D:4      | Reached skill level 8 in Maces & Flails
  3530 | D:4      | Found an ancient bone altar of Kikubaaqudgha.
  3647 | D:4      | Noticed Eustachio
  3653 | D:4      | Killed Eustachio
  3654 | D:4      | Reached skill level 9 in Maces & Flails
  3773 | D:4      | Reached XP level 7. HP: 34/57 MP: 6/6
  4534 | D:4      | Reached skill level 10 in Maces & Flails
  4625 | D:4      | Found an opulent altar of Gozag.
  4961 | D:4      | Noticed Grinder
  4968 | D:4      | Killed Grinder
  4969 | D:4      | Reached skill level 11 in Maces & Flails
  4969 | D:4      | Reached XP level 8. HP: 40/64 MP: 7/7
  5142 | D:5      | Entered Level 5 of the Dungeon
  5197 | D:5      | Found Souwudd's Book Shop.
  5448 | D:5      | Found Deidwes's Magic Scroll Boutique.
  5459 | D:5      | Bought a scroll of enchant weapon for 82 gold pieces
  5459 | D:5      | Bought a scroll of enchant armour for 82 gold pieces
  5459 | D:5      | Bought a scroll of enchant armour for 82 gold pieces
  5508 | D:5      | Found a staircase to the Ecumenical Temple.
  5523 | D:5      | Reached skill level 12 in Maces & Flails
  5579 | Temple   | Entered the Ecumenical Temple
  5694 | Temple   | Became a worshipper of Warmaster Okawaru
  6043 | D:5      | Found Ulomef's Distillery.
  6549 | D:6      | Reached skill level 1 in Dodging
  6602 | D:6      | Reached skill level 1 in Invocations
  6633 | D:6      | Reached skill level 1 in Stealth
  6993 | D:6      | Reached * piety under Okawaru
  7063 | D:6      | Reached XP level 9. HP: 72/72 MP: 9/9
  7232 | D:5      | Bought a potion of might for 56 gold pieces
  8014 | D:7      | Noticed Pikel
  8027 | D:7      | Killed Pikel
  8028 | D:7      | Reached skill level 13 in Maces & Flails
  8028 | D:7      | Reached skill level 5 in Armour
  8028 | D:7      | Reached skill level 5 in Shields
  8345 | D:7      | You fall into a shaft and drop 2 floors!
  8345 | D:9      | Noticed Harold
  8355 | D:9      | Killed Harold
  8355 | D:9      | Reached ** piety under Okawaru
  8356 | D:9      | Reached skill level 5 in Fighting
  8616 | D:9      | Found a sacrificial altar of Ru.
  8968 | D:7      | Reached XP level 10. HP: 83/83 MP: 11/11
  9978 | D:8      | Found a sparkling altar of Nemelex Xobeh.
  9994 | D:8      | Reached *** piety under Okawaru
 10282 | D:8      | Found a stormy altar of Qazlal.
 10285 | D:8      | Found an ornate altar of the Wu Jian Council.
 10285 | D:8      | Found a snail-covered altar of Cheibriados.
 10285 | D:8      | Found a blossoming altar of Fedhas.
 10286 | D:8      | Found a bloodstained altar of Trog.
 10286 | D:8      | Found a radiant altar of Vehumet.
 10288 | D:8      | Found a glowing silver altar of Zin.
 10926 | D:9      | Noticed Grum
 10943 | D:9      | Killed Grum
 11964 | D:10     | Entered Level 10 of the Dungeon
 12268 | D:10     | Noticed Urug
 12289 | D:10     | Hit by a javelin thrown by Urug

Illustrated notes

Levels and vault maps discovered:
D:1:      minmay_arrival_solitary_statue, layout_basic,
          ebering_ecumenical_altar_petrified
D:2:      layout_loops_cross, chequers_mini_garden, minmay_pentomino_v4
D:3:      cheibrodos_fertilizer, layout_basic, chequers_serial_rivers_micro_c,
          kennysheep_potato
D:4:      minmay_chambers_of_threes, layout_loops_ring,
          nicolae_gozag_seed_capital, mainiacjoe_overflow_chevrons,
          ebering_dispersal_statue_hall, serial_bayou_pond_a, uniq_grinder,
          uniq_eustachio
D:5:      layout_loops_corners, minmay_temple_entry_offerings, serial_shops,
          shop, nicolae_shop_hallway_stairs, shop_statue
D:6:      layout_gridville
D:7:      layout_gridville, grunt_ministairs_7, uniq_pikel
D:8:      layout_loops_cross, overflow_temple_1_default,
          grunt_temple_overflow_open, special_room [special_room_orc]
D:9:      layout_stronghold, overflow_temple_1_default, chequers_avenue,
          uniq_grum, uniq_harold
D:10:     layout_rooms, dpeg_lair_monsters, minmay_lizard_king, uniq_erolcha,
          uniq_urug
Temple:   kb_corrupted_temple

Skill      XL: |  1  2  3  4  5  6  7  8  9 10 |
---------------+-------------------------------+-----
Maces & Flails | 3 4 5 6 7 9 11 12 13 | 13.6
Dodging        | 1 4 |  4.8
Fighting       | 4 5 6 |  6.5
Armour         | 4 5 6 |  6.5
Shields        | 4 5 6 |  6.6
Invocations    | 1 3 4 |  4.3
Stealth        | 1 3 |  3.8

Action                   |  1- 3 |  4- 6 |  7- 9 | 10-12 || total
-------------------------+-------+-------+-------+-------++-------
Melee: Flail             |   102 |   111 |   259 |   239 ||   711
       Headbutt          |    23 |    11 |    43 |    50 ||   127
Throw: Javelin           |       |       |     2 |       ||     2
       Boomerang         |       |       |     3 |    14 ||    17
Invok: Heroism           |       |       |     3 |     4 ||     7
  Use: Scroll            |     5 |     3 |    13 |     1 ||    22
       Potion            |       |     1 |     1 |     1 ||     3
Armor: Scale mail        |    41 |       |       |       ||    41
       Chain mail        |    10 |    38 |   122 |    33 ||   203
       Plate armour      |       |       |       |    50 ||    50
Dodge: Dodged            |    39 |    25 |    77 |    55 ||   196
Block: Buckler           |    22 |    21 |    54 |       ||    97
       Kite shield       |       |       |    34 |   158 ||   192
